 Dungeon Crawl Stone Soup version 0.27-a0-869-g165b36e3f0 (webtiles) character file.

Game seed: 16356429160539126268

41 polve the Slasher (level 3, -8/26 HPs)
             Began as an Octopode Fighter on Apr 2, 2021.
             Mangled by an iron imp (12 damage)
             ... summoned by Natasha
             ... on level 2 of the Dungeon.
             The game lasted 00:01:05 (1785 turns).

polve the Slasher (Octopode Fighter)                Turns: 1785, Time: 00:01:05

Health: -8/26      AC:  1    Str: 15    XL:     3   Next: 52%
Magic:  3/3        EV: 11    Int: 10    God:
Gold:   52         SH:  8    Dex: 12    Spells: 2/2 levels left

rFire    . . .     SeeInvis .   a - +0 long sword
rCold    . . .     Faith    .   b - +0 kite shield
rNeg     . . .     Spirit   .   (helmet restricted)
rPois    .         Reflect  .   (no amulet)
rElec    .         Harm     .   (no ring)
rCorr    .         Rampage  .   (no ring)
Will     .....                  (no ring)
Stlth    ++........             (no ring)
HPRegen  0.08/turn              (no ring)
MPRegen  0.08/turn              (no ring)
                                (no ring)
                                (no ring)

@: no status effects
A: almost no armour, amphibious, 8 rings, camouflage 1, gelatinous body 1,
(nimble swimmer 1), tentacles
a: no special abilities


You were on level 2 of the Dungeon.
You visited 1 branch of the dungeon, and saw 2 of its levels.

You collected 52 gold pieces.

Inventory:

Hand Weapons
 a - a +0 long sword (weapon)
Armour
 b - a +0 kite shield (worn)
Scrolls
 e - a scroll of identify {unknown}
 f - a scroll of amnesia {unknown}
Potions
 c - a potion of might
 d - 2 potions of resistance {unknown}


   Skills:
 - Level 3.0 Fighting
 + Level 3.8 Long Blades
 - Level 3.0 Dodging
 - Level 3.0 Shields


You had 2 spell levels left.
You didn't know any spells.
Your spell library contained the following spells:

 Spells                   Type           Power      Damage    Failure   Level
 Magic Dart               Conj           0%         1d3       87%         1
 Blink                    Tloc           N/A        N/A       95%         2
 Call Imp                 Summ           0%         N/A       95%         2
 Slow                     Hex            0%         N/A       95%         2
 Conjure Flame            Conj/Fire      0%         6-21      99%         3
 Mephitic Cloud           Conj/Pois/Air  0%         N/A       99%         3


Dungeon Overview and Level Annotations

Branches:
Dungeon (2/15)

Altars:

Annotations:
D:2 Natasha


Innate Abilities, Weirdness & Mutations

You cannot wear most types of armour.
You are amphibious.
You can wear up to eight rings at the same time.
Your skin changes colour to match your surroundings (Stealth+).
Your rubbery body absorbs attacks. (AC +1, EV +1)
((You are camouflaged near water. (Stealth+)))
You have tentacles for arms and can constrict up to eight enemies at once.


Message History

You see here a +0 dagger.
Found a stone staircase leading up.
You now have 52 gold pieces (gained 5).
Natasha, Servant of Life and Death comes into view.
Natasha is nearby!
You closely miss Natasha. Your grab misses Natasha.
Natasha casts a spell.
You hit the iron imp but do no damage. Your grab misses the iron imp.
Natasha claws you. You block the iron imp's attack.
Natasha howls an incantation.
Natasha's front paws start to glow.
Natasha claws you.
You are too injured to fight recklessly!
You are too injured to fight recklessly!
You are too injured to fight recklessly!
You are too injured to fight recklessly!
You are too injured to fight recklessly!
You are too injured to fight recklessly!
You are too injured to fight recklessly!
You are too injured to fight recklessly!
You are too injured to fight recklessly!
You hit Natasha. You grab Natasha.
Natasha is lightly wounded.
You constrict Natasha. Natasha closely misses you.
The iron imp picks up a beetle and eats it.
The iron imp hits you.
You hit Natasha but do no damage.
Natasha is moderately wounded.
You constrict Natasha.
Natasha mumbles some strange words.
The iron imp closely misses you.
You riposte.
You barely miss the iron imp. You grab the iron imp. You hit Natasha.
Natasha is severely wounded.
You constrict Natasha.
You constrict the iron imp, but do no damage.
Natasha claws you!
* * * LOW HITPOINT WARNING * * *
The iron imp hits you!
You die...

#.#####.#.#
#.........#
#.#####.###
### #.# #.#
#.# #.# #5#
#@#
#.....h5....#
###.#.#######
#.#.# # ###


You could see an iron imp (summoned), Natasha and a white imp (summoned).

Vanquished Creatures
  3 bats (D:1)
  3 endoplasms (D:1)
  2 giant cockroaches (D:1)
  10 goblins
  2 hobgoblins (D:1)
  4 jackals (D:1)
  4 kobolds
  2 ball pythons (D:2)
  2 frilled lizards
  3 rats
35 creatures vanquished.

Notes
Turn   | Place    | Note
-------+----------+-------------------------------------------
     0 | D:1      | polve the Octopode Fighter began the quest for the Orb.
     0 | D:1      | Reached XP level 1. HP: 16/16 MP: 1/1
    38 | D:1      | Found a faded altar of an unknown god.
   115 | D:1      | Reached XP level 2. HP: 2/21 MP: 2/2
   758 | D:1      | Reached XP level 3. HP: 26/26 MP: 3/3
  1780 | D:2      | Noticed Natasha
  1785 | D:2      | Mangled by an iron imp

Illustrated notes

Levels and vault maps discovered:
D:1:      mrwooster_arrival_statue_3, layout_basic,
          ebering_ecumenical_altar_webs, fountainhead, minivault_14
D:2:      layout_basic, minmay_misc_feat_hallway, minmay_vboxes, uniq_natasha,
          uniq_robin, uniq_crazy_yiuf_cottage

Skill      XL: |  1  2 |
---------------+-------+-----
Long Blades    | 3 |  3.8
Fighting       | |  3.0
Dodging        | |  3.0
Shields        | |  3.0

Action                   || total
-------------------------++-------
Melee: Long sword        ||    59
       Constrict         ||    17
       Tentacles         ||    11
 Stab: Sleeping          ||     5
       Distracted        ||     1
Armor: Skin              ||     2
Dodge: Dodged            ||    21
Block: Kite shield       ||    19
       Rpst.: Long sword ||     7

Table legend: (Time is in decaauts)
 A = Elapsed time spent in this place.
 B = Non-inter-level travel time spent in this place.
 C = Inter-level travel time spent in this place.
 D = Time resting spent in this place.
 E = Time spent auto-exploring this place.
 F = Levels seen in this place.
 G = Mean time per level.
                   A        B        C        D        E       F      G
               +--------+--------+--------+--------+--------+-----+--------+
         Total |   1812 |   1768 |     44 |      0 |   1535 |   2 |  906.0 |
       Dungeon |   1812 |   1768 |     44 |      0 |   1535 |   2 |  906.0 |
               +--------+--------+--------+--------+--------+-----+--------+

Top non-repeatable levels by time:
     D:1: 1470 daAuts
     D:2: 341 daAuts
